Map: Bridgehead LE (Void)

Players

wabbajack - Winner!

  • Race: Zerg Zerg
  • League: Gold

Light

  • Race: Zerg Zerg
  • League: Grandmaster

VOD

Have the link to the VOD?

Description

Time

  • Played on: July 17, 2015, 2:10 p.m.
  • Length: 5:01
Show
View Real Time Build Order
Export as new Build Order

wabbajack Zerg - Winner!

Build Orders: Hatch First 

Get SALT Encoding   

  12  0:02  Drone  
  13  0:13  Overlord  
  13  0:18  Drone  
  14  0:25  Extractor  
  14  0:26  Drone  
  15  0:32  Drone  
  16  0:37  Drone  
  17  0:55  Hatchery  
  16  1:18  Spawning Pool  
  15  1:19  Drone x3  
  15  1:20  Extractor  
  18  1:32  Drone  
  18  1:45  Drone  
  19  1:52  Drone  
  20  2:04  Queen  
  20  2:07  Queen  
  24  2:12  Spine Crawler  
  23  2:18  Drone  
  23  2:19  Drone x3  
  27  2:30  Roach Warren  
  26  2:51  Overlord  
  26  2:52  Overlord x2  
  26  3:03  Drone x2  
  28  3:12  Drone  
  29  3:14  Drone  
  29  3:17  Metabolic Boost  
  30  3:20  Roach x5  
  40  3:28  Roach  
  40  3:29  Roach  
  44  3:36  Roach  
  46  3:43  Overlord  
  46  3:46  Roach  
  48  4:04  Zergling x12  
  48  4:05  Zergling x10  
  48  4:09  Overlord  
  59  4:13  Overlord  
  59  4:39  Zergling x2  
  59  4:40  Zergling x10  
  59  4:41  Hatchery  
Show
View Real Time Build Order
Export as new Build Order

Light Zerg 

Build Orders: Pool First 

Get SALT Encoding   

  12  0:07  Overlord  
  12  0:14  Drone  
  13  0:17  Drone  
  14  0:27  Drone  
  15  0:40  Spawning Pool  
  15  0:42  Drone  
  15  1:06  Hatchery  
  15  1:09  Drone  
  15  1:11  Drone  
  15  1:16  Extractor  
  15  1:26  Queen  
  15  1:29  Zergling x2  
  18  1:33  Drone  
  18  1:37  Drone  
  20  1:45  Overlord  
  20  1:54  Drone  
  21  2:03  Queen  
  23  2:14  Drone  
  24  2:16  Drone  
  24  2:22  Metabolic Boost  
  25  2:34  Drone  
  26  2:43  Baneling Nest  
  25  2:50  Drone x5  
  25  2:51  Overlord  
  29  3:05  Drone  
  29  3:06  Drone, Overlord  
  29  3:07  Drone  
  32  3:18  Drone  
  32  3:19  Drone x4  
  37  3:22  Zergling x2  
  37  3:24  Zergling x2  
  39  3:46  Baneling x2  
  39  3:55  Hatchery  
  38  3:59  Lair  
  38  4:04  Roach Warren  
  38  4:05  Evolution Chamber  
  38  4:06  Zergling x2  
  38  4:07  Zergling x14  
  45  4:17  Overlord  
  45  4:18  Zergling x4  
  47  4:26  Zergling x10  
Tags
 
Add a new tag
Caveats
  • Supply blocks, unpowered buildings, or Contaminate may cause inaccurate times.
  • Supply counts are checked every 10 seconds.